 Dungeon Crawl Stone Soup version 0.29-a0-284-gf9362112df (webtiles) character file.

Game seed: 6585110392669600854

20652 yunder69 the Carver (level 12, -3/174 HPs)
             Began as a Minotaur Berserker on Mar 27, 2022.
             Was a Believer of Trog.
             Slain by a purple ugly thing (4 damage)
             ... on level 13 of the Dungeon.
             The game lasted 00:54:10 (21774 turns).

yunder69 the Carver (Minotaur Berserker)           Turns: 21774, Time: 00:54:11

Health: -3/174     AC: 17    Str: 30    XL:     12   Next: 47%
Magic:  11/11      EV: 13    Int:  6    God:    Trog [**....]
Gold:   883        SH:  0    Dex: 17    Spells: 11/11 levels left

rFire   . . .      SeeInvis .   D - +4 long sword
rCold   . . .      Faith    .   (no shield)
rNeg    . . .      Spirit   .   k - +4 scale mail {Will+}
rPois   .          Reflect  .   (helmet restricted)
rElec   .          Harm     .   A - +1 cloak {rCorr}
rCorr   +          Rampage  .   j - +0 pair of gloves
Will    +++..                   u - +0 pair of boots {Stlth+}
Stlth   ..........              J - amulet of the acrobat
HPRegen 1.39/turn               U - +6 ring of strength
MPRegen 0.12/turn               w - +6 ring of dexterity

@: berserking, strong-willed, regenerating, very quick
A: horns 2, retaliatory headbutt
a: Renounce Religion, Berserk, Trog's Hand


You were on level 13 of the Dungeon.
You worshipped Trog.
Trog was pleased with you.
You visited 1 branch of the dungeon, and saw 14 of its levels.

You collected 883 gold pieces.

Inventory:

Hand Weapons
 C - a +3 quarterstaff of chaos
 D - a +4 long sword (weapon)
 E - a +0 scimitar of flaming
 W - a +1 trident of distortion
 Z - a +0 shortbow of flaming
Missiles
 r - 5 silver javelins
 v - 37 poisoned darts (quivered)
 H - 8 curare-tipped darts
Armour
 j - a +0 pair of gloves (worn)
 k - a +4 scale mail of willpower (worn)
 u - a +0 pair of boots of stealth (worn)
 A - a +1 cloak of preservation (worn)
 B - an orb of guile
 N - a +0 plate armour of poison resistance
Jewellery
 o - a ring of willpower
 w - a +6 ring of dexterity (right hand)
 J - an amulet of the acrobat (around neck)
 U - a +6 ring of strength (left hand)
Wands
 n - a wand of flame (25)
 q - a wand of acid (9)
 F - a wand of polymorph (11)
 M - a wand of digging (2)
 O - a wand of iceblast (4)
Scrolls
 a - a scroll of holy word
 h - a scroll of magic mapping
 i - 6 scrolls of teleportation
 t - a scroll of immolation
 R - 4 scrolls of identify
Potions
 b - 3 potions of degeneration {unknown}
 c - 2 potions of lignification
 e - 5 potions of flight
 f - a potion of heal wounds
 g - a potion of magic {unknown}
 m - a potion of resistance
 p - a potion of cancellation {unknown}
 x - a potion of invisibility {unknown}
 z - 2 potions of attraction
 K - a potion of ambrosia {unknown}
 V - a potion of mutation {unknown}
 Y - a potion of berserk rage {unknown}
Miscellaneous
 X - a lightning rod (4/4)


   Skills:
 + Level 13.9 Fighting
 - Level 14.3 Long Blades
 - Level 2.6(8.1) Axes
 - Level 8.2(8.5) Maces & Flails
 - Level 8.7(8.9) Polearms
 - Level 8.8 Armour
 - Level 5.2 Dodging


You had 11 spell levels left.
You didn't know any spells.
Your spell library was empty.

Dungeon Overview and Level Annotations

Branches:
Dungeon (14/15)            Temple (0/1) D:4            Lair (0/6) D:9
    Orc (0/2) D:10
 Vaults: D:13-14

Altars:
Fedhas
Makhleb
Sif Muna
Wu Jian

Shops:
D:4 *   D:5 (

Portals:
Trove: D:11 (give +3 gold dragon scales)


Innate Abilities, Weirdness & Mutations

You have a pair of horns on your head.
You reflexively headbutt those who attack you in melee.


Message History

The purple ugly thing stings you but does no damage.
The purple ugly thing kicks you! The purple ugly thing misses you.
The purple ugly thing claws you but does no damage.
A skeletal warrior comes into view. It is wielding a +0 hand axe.
The +7 long sword hits you. The green ugly thing misses you.
The purple ugly thing basks in the mutagenic energy from its kin and changes! x2
The purple ugly thing barely misses you.
The purple ugly thing claws you.
The +7 long sword hits you but does no damage.
A skeletal warrior comes into view. It is wielding a +0 short sword.
The skeletal warrior hits you but does no damage.
There is a stone staircase leading up, spattered with blood here.
The +7 long sword hits you!!
The green ugly thing headbutts you but does no damage.
The purple ugly thing completely misses you.
You furiously retaliate!
You headbutt the purple ugly thing. The purple ugly thing misses you.
You furiously retaliate!
You headbutt the purple ugly thing!
The skeletal warrior hits you with a +0 flail of protection!!
You climb upwards.
There is a stone staircase leading down, spattered with blood here.
Your skin crawls.
You feel strong-willed. The +7 long sword barely misses you.
The green ugly thing basks in the mutagenic energy from its kin and changes!
The purple ugly thing barely misses you.
The purple ugly thing claws you! The +7 long sword hits you!!
* * * LOW HITPOINT WARNING * * *
The brown ugly thing claws you.
* * * LOW HITPOINT WARNING * * *
You are splashed with acid.
You resist.
* * * LOW HITPOINT WARNING * * *
The skeletal warrior hits you with a +0 flail of protection.
* * * LOW HITPOINT WARNING * * *
The green ugly thing pecks you but does no damage.
A red film seems to cover your vision as you go berserk!
You feel yourself moving faster!
You feel mighty! The +7 long sword hits you!
* * * LOW HITPOINT WARNING * * *
The purple ugly thing kicks you.
You die...

#####.#### ##.......
#.# #.###### #.# #.#
####.### ##'## #......#
##...## #.##.#.#
##.....## #.##.#.##
##.......##
#.##.uu.####........>##
#.##.u@u...'.........'<
#.##.zu(####.........##
#.##.#.## ##.......##
#......# ##.....##
####.### ##...## #.#
##+## #.# #.# #.#
#.###### #.# ##.......


You could see 5 ugly things, a skeletal warrior and a +7 long sword.

Vanquished Creatures
  Jorgrun (D:12)
  Erica (D:10)
  2 hydras
  A dancing weapon (D:13)
  A two-headed ogre (D:10)
  A deep elf pyromancer (D:11)
  Pikel (D:7)
  2 ugly things
  Maurice (D:8)
  2 cyclopes (D:13)
  An ice statue (D:13)
  2 gargoyles (D:12)
  An unseen horror (D:11)
  3 kobold demonologists (D:11)
  2 hornets
  7 trolls
  Prince Ribbit (D:9)
  3 slime creatures (D:12)
  2 shadows (D:10)
  A wraith (D:13)
  13 yaks
  2 vampires
  4 vampire mosquitoes (D:13)
  2 steam dragons (D:9)
  A two-headed ogre zombie (D:10)
  Edmund (D:5)
  A water moccasin (D:8)
  An acid dragon (D:11)
  2 orc warriors
  A sky beast (D:5)
  An ogre (D:7)
  4 centaurs
  2 wolves (D:9)
  2 phantoms
  A lemure (D:7)
  6 kobold brigands
  2 bullfrogs (D:6)
  8 scorpions
  9 wights
  A troll zombie (D:10)
  22 killer bees
  7 howler monkeys
  3 electric eels (D:9)
  2 jellies (D:6)
  8 hounds
  2 gnoll shamans
  11 orc priests
  Crazy Yiuf (D:5)
  An iguana (D:5)
  Terence (D:2)
  Natasha (thrice) (D:2)
  10 orc wizards
  6 ogre zombies (D:10)
  Robin (D:4)
  11 gnolls
  8 adders
  3 shadow imps
  2 white imps (D:7)
  3 ufetubi
  2 worms
  4 dart slugs
  42 orcs
  11 ball pythons
  6 endoplasms
  4 giant cockroaches
  22 goblins
  12 hobgoblins
  12 jackals
  5 quokkas
  6 bats
  2 frilled lizards (D:2)
  4 goblin zombies (D:10)
  A hobgoblin skeleton (D:10)
  4 hobgoblin zombies (D:10)
  22 kobolds
  2 orc skeletons (D:10)
  14 orc zombies (D:10)
  3 rats
383 creatures vanquished.

Notes
Turn   | Place    | Note
-------+----------+-------------------------------------------
     0 | D:1      | yunder69 the Minotaur Berserker began the quest for the
                  | Orb.
     0 | D:1      | Reached XP level 1. HP: 19/19 MP: 0/0
   287 | D:1      | Reached XP level 2. HP: 17/27 MP: 1/1
  1188 | D:2      | Reached XP level 3. HP: 34/34 MP: 2/2
  1331 | D:2      | Noticed Natasha
  1338 | D:2      | Killed Natasha
  1339 | D:2      | Reached skill level 5 in Fighting
  1339 | D:2      | Reached XP level 4. HP: 29/42 MP: 3/3
  1342 | D:2      | Reached skill level 5 in Polearms
  1342 | D:2      | Reached ** piety under Trog
  1853 | D:2      | Found a faded altar of an unknown god.
  1934 | D:2      | Noticed Terence
  1938 | D:2      | Noticed Natasha
  1947 | D:2      | Killed Natasha
  1948 | D:2      | Killed Terence
  1949 | D:2      | Reached XP level 5. HP: 19/48 MP: 4/4
  2312 | D:2      | Noticed Natasha
  2320 | D:2      | Killed Natasha
  3008 | D:3      | Reached XP level 6. HP: 52/58 MP: 5/5
  4260 | D:4      | Reached XP level 7. HP: 66/66 MP: 6/6
  4419 | D:4      | Found Etiduej's Elemental Accessories.
  4560 | D:4      | Found a staircase to the Ecumenical Temple.
  5121 | D:4      | Noticed Robin
  5137 | D:4      | Killed Robin
  5137 | D:4      | Reached *** piety under Trog
  5256 | D:5      | Entered Level 5 of the Dungeon
  5461 | D:5      | Reached skill level 1 in Axes
  5817 | D:5      | Found Juavvar's Antique Weapon Boutique.
  5864 | D:5      | Reached XP level 8. HP: 75/75 MP: 7/7
  6065 | D:5      | Noticed Edmund
  6090 | D:5      | Killed Edmund
  6257 | D:5      | Reached skill level 1 in Maces & Flails
  6314 | D:5      | Found a runed translucent door.
  6315 | D:5      | Noticed Crazy Yiuf
  6671 | D:5      | Killed Crazy Yiuf
  7389 | D:6      | Found a blossoming altar of Fedhas.
  7491 | D:6      | Reached skill level 5 in Maces & Flails
  7525 | D:6      | Found an ornate altar of the Wu Jian Council.
  7528 | D:6      | Found a shimmering blue altar of Sif Muna.
  7531 | D:6      | Found a burning altar of Makhleb.
  8099 | D:7      | Reached XP level 9. HP: 52/82 MP: 8/8
  8496 | D:7      | Noticed Pikel
  8515 | D:7      | Killed Pikel
  8571 | D:7      | Reached skill level 5 in Dodging
  8721 | D:7      | Reached skill level 1 in Long Blades
  8800 | D:7      | Reached skill level 2 in Long Blades
  9279 | D:7      | Reached skill level 4 in Long Blades
  9825 | D:8      | Reached skill level 5 in Long Blades
  9955 | D:8      | Reached skill level 6 in Long Blades
  9974 | D:8      | Identified the +3 hand crossbow "Sonos" {flame, rF- Int+3
                  | SInv Stlth+}
 10172 | D:8      | Reached XP level 10. HP: 90/90 MP: 9/9
 10240 | D:8      | Noticed Maurice
 10258 | D:8      | Killed Maurice
 10259 | D:8      | Reached skill level 7 in Long Blades
 10894 | D:9      | Reached skill level 8 in Long Blades
 10939 | D:9      | Reached skill level 9 in Long Blades
 11751 | D:9      | Found a staircase to the Lair.
 12070 | D:9      | Noticed Prince Ribbit
 12090 | D:9      | Killed Prince Ribbit
 12091 | D:9      | Reached skill level 10 in Long Blades
 12652 | D:9      | Reached skill level 11 in Long Blades
 13606 | D:10     | Entered Level 10 of the Dungeon
 14137 | D:10     | Noticed a two-headed ogre
 14143 | D:10     | Killed a two-headed ogre
 14171 | D:10     | Reached XP level 11. HP: 85/99 MP: 10/10
 14178 | D:10     | Noticed Erica
 14187 | D:10     | Reached skill level 12 in Long Blades
 14204 | D:10     | Reached skill level 10 in Fighting
 14342 | D:10     | Found a staircase to the Orcish Mines.
 14366 | D:10     | Killed Erica
 14367 | D:10     | Reached skill level 5 in Armour
 15039 | D:11     | Noticed a deep elf pyromancer
 15045 | D:11     | Killed a deep elf pyromancer
 15606 | D:11     | Reached skill level 13 in Long Blades
 16091 | D:11     | Found a portal to a secret trove of treasure.
 16772 | D:11     | Noticed a white ugly thing
 16799 | D:11     | Killed a white ugly thing
 17124 | D:12     | Noticed a four-headed hydra
 17139 | D:12     | Killed a ten-headed hydra
 17714 | D:12     | Noticed Jorgrun
 17731 | D:12     | Killed Jorgrun
 17732 | D:12     | Reached skill level 14 in Long Blades
 17732 | D:12     | Reached XP level 12. HP: 21/113 MP: 11/11
 19266 | D:13     | Noticed a six-headed hydra
 19273 | D:13     | Killed a nine-headed hydra
 21774 | D:13     | HP: 1/174 [+7 long sword (13)]
 21774 | D:13     | Slain by a purple ugly thing

Illustrated notes

Levels and vault maps discovered:
D:1:      dpeg_arrival_lava_temple_mockup, layout_loops_ring,
          minmay_heptomino_h4
D:2:      layout_basic, ebering_ecumenical_altar_sacrificial,
          minmay_quadrilaterals, uniq_natasha, uniq_terence
D:3:      cheibrodos_pilgrimage, layout_loops_corners,
          minmay_misc_feat_ornament, minmay_surrounded
D:4:      kennysheep_goblin_castle, layout_loops_corners,
          minmay_temple_entry_grid, nicolae_elemental_shop, hex_large,
          chequers_serial_rivers_small_b
D:5:      layout_loops_ring, serial_shops, shop, uniq_edmund,
          uniq_crazy_yiuf_cottage
D:6:      layout_cave_pods, grunt_temple_overflow_cloverleaf
D:7:      layout_basic, serial_curves, eino_curves_04, eino_curves_02,
          eino_curves_04, eino_curves_02, uniq_pikel
D:8:      layout_basic, uniq_maurice
D:9:      layout_basic, erik_lair_island, grunt_ministairs_13,
          nicolae_straight_to_the_point, uniq_prince_ribbit1
D:10:     layout_roguey, zombieorc2_lemuel, uniq_erica
D:11:     layout_rooms, nicolae_trove_entry_columns, serial_curves,
          eino_curves_04, eino_curves_03
D:12:     layout_grid_maze, uniq_jorgrun
D:13:     layout_loops_corners, minivault_16
D:14:     layout_basic, erik_vaults_1, corexii_leaking_fountain

Skill      XL: |  1  2  3  4  5  6  7  8  9 10 11 12 |
---------------+-------------------------------------+-----
Fighting       | 4 5 6 7 8 9 12 13 | 13.9
Polearms       | 4 5 6 7 8 |  8.7
Axes           | 2 |  2.6
Dodging        | 3 5 |  5.2
Maces & Flails | 7 8 |  8.2
Armour         | 4 8 |  8.8
Long Blades    | 6 11 14 | 14.3

Action                   |  1- 3 |  4- 6 |  7- 9 | 10-12 || total
-------------------------+-------+-------+-------+-------++-------
Melee: Spear             |    78 |    42 |       |       ||   120
       Headbutt          |     9 |    20 |    61 |   102 ||   192
       Hand axe          |       |   114 |    97 |       ||   211
       Punch             |       |       |     1 |       ||     1
       Flail             |       |       |   246 |   134 ||   380
       Great sword       |       |       |       |   384 ||   384
Throw: Dart              |       |       |     1 |       ||     1
Invok: Berserk           |       |     5 |    13 |    24 ||    42
       Trog's Hand       |       |     4 |    15 |    31 ||    50
  Use: Scroll            |       |     5 |       |    13 ||    18
       Potion            |       |       |     1 |     9 ||    10
Armor: Animal skin       |    11 |       |       |       ||    11
       Ring mail         |     6 |     7 |       |       ||    13
       Scale mail        |       |    69 |   229 |   434 ||   732
Dodge: Dodged            |    30 |    85 |   221 |   508 ||   844

Table legend: (Time is in decaauts)
 A = Elapsed time spent in this place.
 B = Non-inter-level travel time spent in this place.
 C = Inter-level travel time spent in this place.
 D = Time resting spent in this place.
 E = Time spent auto-exploring this place.
 F = Levels seen in this place.
 G = Mean time per level.
                   A        B        C        D        E       F      G
               +--------+--------+--------+--------+--------+-----+--------+
         Total |  22164 |  20277 |   1887 |   7572 |   9737 |  14 | 1583.1 |
       Dungeon |  22164 |  20277 |   1887 |   7572 |   9737 |  14 | 1583.1 |
               +--------+--------+--------+--------+--------+-----+--------+

Top non-repeatable levels by time:
     D:9: 2829 daAuts
    D:13: 2700 daAuts
    D:11: 2164 daAuts
     D:7: 1760 daAuts
    D:12: 1734 daAuts
     D:3: 1699 daAuts
     D:5: 1694 daAuts
    D:10: 1531 daAuts
     D:4: 1314 daAuts
     D:2: 1233 daAuts
     D:6: 1223 daAuts
     D:8: 1146 daAuts
     D:1: 1123 daAuts
    D:14: 6 daAuts
